 Dungeon Crawl Stone Soup version 0.31-a0-538-gbc85326fa9 (webtiles) character file.

Game seed: 6715967669663447806

1248 Pooter the Cleaver (level 8, 0/91 (111) HPs)
             Began as a Minotaur Berserker on Aug 14, 2023.
             Was a Believer of Trog.
             Slain by Jeremiah
             ... wielding a +3 glaive of draining
              (11 damage)
             ... on level 6 of the Dungeon.
             The game lasted 00:22:12 (4538 turns).

Pooter the Cleaver (Minotaur Berserker)             Turns: 4538, Time: 00:22:13

HP:   0/91 (111)    AC:  9    Str: 25      XL:     8   Next: 26%
MP:   7/7           EV:  9    Int:  4      God:    Trog [**....]
Gold: 384           SH:  0    Dex:  8 (9)  Spells: 7/7 levels left

rFire   . . .        q - +0 war axe
rCold   . . .        (no shield)
rNeg    . . .        s - +0 chain mail
rPois   .            (helmet restricted)
rElec   .            (no cloak)
rCorr   .            (no gloves)
SInv    .            g - +0 pair of boots
Will    ++...        (no amulet) Stlth
                     (no ring)
HPRegen 1.35/turn    (no ring)
MPRegen 0.10/turn

%: clarity
@: berserking, strong-willed (expiring), regenerating (expiring), heavily
drained, very quick
A: horns 2, retaliatory headbutt, clarity
a: Renounce Religion, Berserk, Trog's Hand


You were on level 6 of the Dungeon.
You worshipped Trog.
Trog was pleased with you.
You visited 1 branch of the dungeon, and saw 6 of its levels.

You collected 384 gold pieces.

Inventory:

Hand Weapons
 a - a +0 hand axe
 b - a +0 sling
   (You found it on level 6 of the Dungeon)
 d - a +0 dire flail of pain
   (You took it off Edmund on level 4 of the Dungeon)
 q - a +0 war axe (weapon)
   (You took it off an orc on level 6 of the Dungeon)
Missiles
 o - a throwing net {!f}
 t - 4 poisoned darts
 Q - 77 stones (quivered)
Armour
 g - a +0 pair of boots (worn)
   (You found it on level 1 of the Dungeon)
 s - a +0 chain mail (worn)
   (You found it on level 3 of the Dungeon)
Wands
 f - a wand of flame (12)
   (You found it on level 6 of the Dungeon)
 u - a wand of paralysis (11)
   (You took it off Ijyb on level 5 of the Dungeon)
Scrolls
 c - a scroll of teleportation {unknown}
 e - a scroll of fear {unknown}
 h - a scroll of brand weapon {unknown}
 i - a scroll of fog {unknown}
 j - a scroll of poison {!r}
 m - a scroll of torment {unknown}
 p - a scroll of summoning {unknown}
Potions
 k - 3 potions of curing {unknown}
 l - a potion of might {unknown}
 n - 3 potions of mutation {!q}


   Skills:
 + Level 7.7 Fighting
 * Level 10.2 Axes
 * Level 1.6 Ranged Weapons
 - Level 2.4 Armour
 - Level 2.1 Dodging


You had 7 spell levels left.
You didn't know any spells.
Your spell library was empty.

Dungeon Overview and Level Annotations

Branches:
Dungeon (6/15) Zot: 26686  Temple (0/1) D:6

Altars:
Okawaru
Yredelemnul

Annotations:
D:4 Pokonic1's ghost, amateur DsIE
D:6 Jeremiah


Innate Abilities, Weirdness & Mutations

You have a pair of horns on your head.
You reflexively headbutt those who attack you in melee.
You possess an exceptional clarity of mind.


Message History

You barely miss the butterfly. You hit the butterfly.
You kill the butterfly!
The butterfly disappears in a burst of colours!
You closely miss the butterfly. You barely miss the butterfly.
You feel the effects of Trog's Hand fading.
Jeremiah hits you but does no damage.
You feel drained.
You slash the butterfly!
You kill the butterfly!
The butterfly disappears in a burst of colours!
You closely miss the butterfly.
Jeremiah hits you from afar with a +3 glaive of draining!
* * * LOW HITPOINT WARNING * * *
You feel drained.
* * * LOW HITPOINT WARNING * * *
You closely miss the butterfly. You slash the butterfly!
You kill the butterfly!
The butterfly disappears in a burst of colours!
You closely miss the butterfly. You slash the butterfly!
You kill the butterfly!
The butterfly disappears in a burst of colours!
You closely miss the butterfly. You slice the butterfly!!
You kill the butterfly!
The butterfly disappears in a burst of colours!
You miss the butterfly. You closely miss the butterfly.
The butterfly disappears in a burst of colours!
Jeremiah lets out a twisted cry.
Something smites you!
* * * LOW HITPOINT WARNING * * *
You closely miss the butterfly. You slash the butterfly!
You kill the butterfly!
The butterfly disappears in a burst of colours!
You slash the butterfly!
You kill the butterfly!
The butterfly disappears in a burst of colours!
You slash the butterfly!
You kill the butterfly!
The butterfly disappears in a burst of colours!
Jeremiah hits you from afar with a +3 glaive of draining!
* * * LOW HITPOINT WARNING * * *
You feel drained.
* * * LOW HITPOINT WARNING * * *
You closely miss the butterfly. You slash the butterfly!
You kill the butterfly!
The butterfly disappears in a burst of colours!
You hit the butterfly.
You kill the butterfly!
The butterfly disappears in a burst of colours!
Jeremiah hits you with a +3 glaive of draining!
You die...

#. ##.......
.###.###..#...##
#.##........#.#..
..##.....#..#.... #
..........##....# #.
#.#>.........>...
#b###.# #...#....##
#.bF#.#####.[#....#..
#bb@..!..).)#..#.#..
#.bbb........##...#.
#...b.......[.......
#.b.......#....#####
#..)......######
##.######## #. #. ..


You could see Jeremiah.

Vanquished Creatures
  Eustachio (D:6)
  Edmund (D:4)
  The ghost of experimilk the Ruffian, an amateur TrGl (D:3)
  An ice beast (D:6)
  An ogre (D:5)
  4 scorpions
  A howler monkey (D:4)
  A jelly (D:6)
  2 hounds (D:5)
  An orc priest (D:3)
  Ijyb (D:5)
  2 iguanas (D:5)
  2 orc wizards (D:4)
  7 adders
  4 gnolls (D:3)
  A white imp (D:6)
  An ufetubus (D:6)
  A worm (D:5)
  A dart slug (D:2)
  12 orcs
  3 bats
  7 endoplasms
  6 giant cockroaches
  8 goblins
  8 hobgoblins
  3 quokkas
  13 ball pythons
  5 frilled lizards
  6 kobolds
  10 rats
115 creatures vanquished.

Vanquished Creatures (others)
  A ball python (D:4)
1 creature vanquished.

Grand Total: 116 creatures vanquished

Notes
Turn   | Place    | Note
-------+----------+-------------------------------------------
     0 | D:1      | Pooter the Minotaur Berserker began the quest for the Orb.
     0 | D:1      | Reached XP level 1. HP: 19/19 MP: 0/0
   157 | D:1      | Reached skill level 4 in Axes
   161 | D:1      | Reached XP level 2. HP: 24/27 MP: 1/1
  1005 | D:2      | Reached XP level 3. HP: 33/33 MP: 2/2
  1038 | D:2      | Reached ** piety under Trog
  1104 | D:2      | Found an iron altar of Okawaru.
  1267 | D:2      | You fall into a shaft and drop 2 floors!
  1345 | D:4      | Reached skill level 5 in Axes
  1345 | D:4      | Reached XP level 4. HP: 29/41 MP: 3/3
  1549 | D:4      | Reached skill level 5 in Fighting
  1549 | D:4      | Reached skill level 6 in Axes
  1549 | D:4      | Reached XP level 5. HP: 48/48 MP: 4/4
  1808 | D:4      | Found a transporter.
  1836 | D:3      | Noticed experimilk's ghost (amateur TrGl)
  2255 | D:3      | Found a runed translucent gate.
  2255 | D:3      | Found a runed translucent gate.
  2256 | D:3      | Found a runed translucent gate.
  2469 | D:3      | Reached skill level 7 in Axes
  2469 | D:3      | Reached XP level 6. HP: 56/56 MP: 5/5
  2573 | D:3      | Found a basalt altar of Yredelemnul.
  2881 | D:3      | Killed experimilk's ghost
  3059 | D:4      | Noticed Edmund
  3075 | D:4      | Killed Edmund
  3076 | D:4      | Reached skill level 8 in Axes
  3143 | D:4      | Found a transporter.
  3143 | D:4      | Noticed Pokonic1's ghost (amateur DsIE)
  3318 | D:4      | Gained mutation: You possess an exceptional clarity of
                  | mind. [potion of mutation]
  3321 | D:4      | HP: 3/85 [poisoned by Pokonic1's ghost]
  3324 | D:4      | HP: 1/85 [poisoned by Pokonic1's ghost]
  3541 | D:5      | Entered Level 5 of the Dungeon
  3545 | D:5      | Reached XP level 7. HP: 63/63 MP: 6/6
  3825 | D:5      | Noticed Ijyb
  3838 | D:5      | Killed Ijyb
  3890 | D:5      | Reached skill level 9 in Axes
  4354 | D:6      | Reached XP level 8. HP: 64/73 MP: 7/7
  4384 | D:6      | Found a staircase to the Ecumenical Temple.
  4396 | D:6      | Reached skill level 10 in Axes
  4506 | D:6      | Noticed Eustachio
  4513 | D:6      | Noticed Jeremiah
  4522 | D:6      | Killed Eustachio
  4523 | D:6      | Reached skill level 1 in Ranged Weapons
  4538 | D:6      | Slain by Jeremiah

Illustrated notes

Levels and vault maps discovered:
D:1:      ldierk_walled_garden_2, layout_basic, kennysheep_pointless_box,
          grunt_decor_one_mirror, grunt_decor_fettered
D:2:      layout_loops_ring, basic_altar, minmay_pentomino_s2
D:3:      layout_basic, lemuel_doored_altar, gammafunk_ghost_split, minivault_19
D:4:      layout_rooms, gammafunk_ghost_arena, minmay_misc_feat_square,
          uniq_edmund
D:5:      layout_rooms, uniq_ijyb
D:6:      minmay_chambers_of_fours, layout_basic, okawaru_gym_becter,
          mainiacjoe_overflow_divided_tiny, minmay_temple_entry_mini_moons,
          uniq_jeremiah, uniq_eustachio, uniq_sigmund, uniq_duvessa

Skill      XL: |  1  2  3  4  5  6  7  8 |
---------------+-------------------------+-----
Axes           | 4 5 6 7 8 9 10 | 10.2
Fighting       | 4 5 6 7 |  7.7
Ranged Weapons | 1 |  1.6
Armour         | |  2.4
Dodging        | |  2.1

Action                     |  1- 3 |  4- 6 |  7- 9 || total
---------------------------+-------+-------+-------++-------
  Melee: Hand axe          |    79 |   139 |    32 ||   250
         Headbutt          |     7 |    13 |    10 ||    30
         Punch             |     2 |     4 |       ||     6
         Dire flail        |       |    18 |    35 ||    53
         War axe           |       |       |    14 ||    14
   Fire: Sling             |       |       |     3 ||     3
  Throw: Dart              |       |     6 |     4 ||    10
         Stone             |       |     7 |     2 ||     9
         Throwing net      |       |       |     1 ||     1
 Invoke: Trog's Hand       |     2 |     5 |     3 ||    10
         Berserk           |       |     5 |     2 ||     7
  Evoke: Wand              |       |       |     4 ||     4
    Use: Scroll            |       |     3 |       ||     3
         Potion            |       |     8 |       ||     8
   Stab: Paralysed         |       |       |     5 ||     5
 Armour: Animal skin       |     3 |       |       ||     3
         Scale mail        |    25 |    48 |       ||    73
         Ring mail         |     2 |       |       ||     2
         Chain mail        |       |    42 |    32 ||    74
  Dodge: Dodged            |    39 |    68 |    22 ||   129

Table legend: (Time is in decaauts)
 A = Elapsed time spent in this place.
 B = Non-inter-level travel time spent in this place.
 C = Inter-level travel time spent in this place.
 D = Time resting spent in this place.
 E = Time spent auto-exploring this place.
 F = Levels seen in this place.
 G = Mean time per level.
                   A        B        C        D        E       F      G
               +--------+--------+--------+--------+--------+-----+--------+
         Total |   4582 |   4502 |     80 |    936 |   2433 |   6 |  763.7 |
       Dungeon |   4582 |   4502 |     80 |    936 |   2433 |   6 |  763.7 |
               +--------+--------+--------+--------+--------+-----+--------+

Top non-repeatable levels by time:
     D:3: 1015 daAuts
     D:4: 964 daAuts
     D:1: 951 daAuts
     D:5: 691 daAuts
     D:2: 648 daAuts
     D:6: 312 daAuts
